NCAA
LOUISVILLE CARDINALS @ SAINT JOHN'S RED STORM
04/20/2023
 
TOP OF THE 1ST
Louisville Cardinals batting - Pitching for Saint John's Red Storm : RHP Robinson Ramírez
Pitching: RHP Robinson Ramírez
Batting: RHB George Reeves 0-0: Ball
1-0: Ball
2-0: SINGLE (Line Drive, 34D)
Batting: RHB José González 0-0: Ball
George Reeves is caught stealing 2nd base
1-0: Ball
2-0: Called Strike
2-1: Foul Ball, location: 2F
2-2: Fly out, F9 (Line Drive, 89M)
Batting: LHB Donovan Myers 0-0: Ball
1-0: Foul Ball, location: 2F
1-1: Fly out, F8 (Line Drive, 8LM)
Top of the 1st over - 0 run(s), 1 hit(s), 0 error(s), 0 left on base; Louisville 0 - Saint John's 0
BOTTOM OF THE 1ST
Saint John's Red Storm batting - Pitching for Louisville Cardinals : RHP Billy O'Neal
Pitching: RHP Billy O'Neal
Batting: RHB Joe Smith 0-0: Called Strike
0-1: Ball
1-1: Ball
2-1: Ball
3-1: Foul Ball, location: 2F
3-2: Ground out 6-3 (Groundball, 6)
Batting: RHB Bobby Miller 0-0: Called Strike
0-1: Ball
1-1: Ball
2-1: Called Strike
2-2: Foul Ball, location: 2F
2-2: Foul Ball, location: 2F
2-2: Fly out, F4 (Line Drive, 4)
Batting: LHB Chris Austin 0-0: Ball
1-0: Ball
2-0: Ball
3-0: Called Strike
3-1: Foul Ball, location: 2F
3-2: Ground out 4-3 (Groundball, 34)
Bottom of the 1st over - 0 run(s), 0 hit(s), 0 error(s), 0 left on base; Louisville 0 - Saint John's 0
TOP OF THE 2ND
Louisville Cardinals batting - Pitching for Saint John's Red Storm : RHP Robinson Ramírez
Batting: LHB António Camacho 0-0: Ball
1-0: Foul Ball, location: 2F
1-1: Ball
2-1: Ball
3-1: Reached on error, E5 (Groundball, 56)
Batting: RHB Bobby Booker 0-0: Called Strike
0-1: Ball
1-1: Ball
2-1: Ball
3-1: Fly out, F7 (Flyball, 7LS)
Batting: LHB Evan Díaz 0-0: Called Strike
0-1: Called Strike
0-2: Ball
1-2: Foul Ball, location: 2F
1-2: Ground out U3 (Groundball, 3S)
António Camacho to third
Batting: RHB Ronald Clark 0-0: Ball
1-0: Foul Ball, location: 2F
1-1: SINGLE (Line Drive, 56)
António Camacho scores
Batting: RHB Michael Jones 0-0: Ball
1-0: Fielders Choice at 2nd, 5-4 (Groundball, 56)
Top of the 2nd over - 1 run(s), 1 hit(s), 1 error(s), 0 left on base; Louisville 1 - Saint John's 0
BOTTOM OF THE 2ND
Saint John's Red Storm batting - Pitching for Louisville Cardinals : RHP Billy O'Neal
Batting: LHB Ken Phillips 0-0: Ball
1-0: Ball
2-0: Ball
3-0: Base on Balls
Batting: LHB António Velásquez 0-0: Fly out, F9 (Flyball, 89M)
Batting: LHB David Lee 0-0: Ball
1-0: Ball
2-0: Ball
3-0: Base on Balls
Ken Phillips to second
Batting: SHB Jack Kavanaugh 0-0: Ball
1-0: Fielders Choice at 2nd, 4-6 (Groundball, 34)
Ken Phillips to third
Batting: LHB John Cook 0-0: Swinging Strike
0-1: Foul Ball, location: 2F
0-2: Ball
1-2: Foul Ball, location: 2F
1-2: Ball
2-2: Ball
3-2: Strikes out swinging
Bottom of the 2nd over - 0 run(s), 0 hit(s), 0 error(s), 2 left on base; Louisville 1 - Saint John's 0
TOP OF THE 3RD
Louisville Cardinals batting - Pitching for Saint John's Red Storm : RHP Robinson Ramírez
Batting: RHB Zach O'Neill 0-0: Ball
1-0: Reached on error, E4 (Groundball, 4)
Batting: RHB George Reeves 0-0: Foul Ball, location: 2F
0-1: Ball
1-1: Grounds into double play, 5-4-3 (Groundball, 5)
Batting: RHB José González 0-0: Ball
1-0: Ball
2-0: Ball
3-0: Called Strike
3-1: Called Strike
3-2: Strikes out swinging
Top of the 3rd over - 0 run(s), 0 hit(s), 1 error(s), 0 left on base; Louisville 1 - Saint John's 0
BOTTOM OF THE 3RD
Saint John's Red Storm batting - Pitching for Louisville Cardinals : RHP Billy O'Neal
Batting: RHB John Prowse Jr. 0-0: Called Strike
0-1: Foul Ball, location: 2F
0-2: Foul Ball, location: 2F
0-2: Fly out, F6 (Popup, 56D)
Batting: RHB Joe Smith 0-0: Ground out 4-3 (Groundball, 13)
Batting: RHB Bobby Miller 0-0: Called Strike
0-1: Swinging Strike
0-2: Strikes out swinging
Bottom of the 3rd over - 0 run(s), 0 hit(s), 0 error(s), 0 left on base; Louisville 1 - Saint John's 0
TOP OF THE 4TH
Louisville Cardinals batting - Pitching for Saint John's Red Storm : RHP Robinson Ramírez
Batting: LHB Donovan Myers 0-0: Ball
1-0: Called Strike
1-1: Swinging Strike
1-2: Strikes out looking
Batting: LHB António Camacho 0-0: Ball
1-0: Ball
2-0: Foul Ball, location: 2F
2-1: Fly out, F8 (Flyball, 78D)
Batting: RHB Bobby Booker 0-0: Called Strike
0-1: Swinging Strike
0-2: Ball
1-2: Strikes out swinging
Top of the 4th over - 0 run(s), 0 hit(s), 0 error(s), 0 left on base; Louisville 1 - Saint John's 0
BOTTOM OF THE 4TH
Saint John's Red Storm batting - Pitching for Louisville Cardinals : RHP Billy O'Neal
Batting: LHB Chris Austin 0-0: Ball
1-0: SINGLE (Groundball, 15S) (infield hit)
Batting: LHB Ken Phillips 0-0: Ball
1-0: Called Strike
1-1: Fly out, F9 (Flyball, 89XD)
Batting: LHB António Velásquez 0-0: Swinging Strike
0-1: Swinging Strike
0-2: Strikes out swinging
Batting: LHB David Lee 0-0: Ball
1-0: SINGLE (Groundball, 34D)
Chris Austin to second
Runner from 2nd tries for 3rd, SAFE, throw made to third
Batting: SHB Jack Kavanaugh 0-0: Called Strike
0-1: Ground out 6-3 (Groundball, 6)
Bottom of the 4th over - 0 run(s), 2 hit(s), 0 error(s), 2 left on base; Louisville 1 - Saint John's 0
TOP OF THE 5TH
Louisville Cardinals batting - Pitching for Saint John's Red Storm : RHP Robinson Ramírez
Batting: LHB Evan Díaz 0-0: Ground out 4-3 (Groundball, 4MS)
Batting: RHB Ronald Clark 0-0: Ground out 6-3 (Groundball, 6)
Batting: RHB Michael Jones 0-0: Fly out, F9 (Flyball, 89M)
Top of the 5th over - 0 run(s), 0 hit(s), 0 error(s), 0 left on base; Louisville 1 - Saint John's 0
BOTTOM OF THE 5TH
Saint John's Red Storm batting - Pitching for Louisville Cardinals : RHP Billy O'Neal
Batting: LHB John Cook 0-0: Foul Ball, location: 2F
0-1: Fly out, F4 (Popup, 34D)
Batting: RHB John Prowse Jr. 0-0: Called Strike
0-1: Foul Ball, location: 2F
0-2: Strikes out swinging
Batting: RHB Joe Smith 0-0: DOUBLE (Line Drive, 89S)
Batting: RHB Bobby Miller 0-0: Ball
1-0: Swinging Strike
1-1: Ball
2-1: Foul Ball, location: 2F
2-2: Foul Ball, location: 2F
2-2: Foul Ball, location: 2F
2-2: Ball
3-2: SINGLE (Line Drive, 6D)
Joe Smith to third
Joe Smith scores
Batting: LHB Chris Austin 0-0: Ball
1-0: Ball
2-0: Ball
3-0: Base on Balls
Bobby Miller to second
Batting: LHB Ken Phillips 0-0: Ball
1-0: Called Strike
1-1: Ground out 1-3 (Groundball, 23)
Bottom of the 5th over - 1 run(s), 2 hit(s), 0 error(s), 2 left on base; Louisville 1 - Saint John's 1
TOP OF THE 6TH
Louisville Cardinals batting - Pitching for Saint John's Red Storm : RHP Robinson Ramírez
Batting: RHB Zach O'Neill 0-0: Called Strike
0-1: Ground out U3 (Groundball, 3)
Batting: RHB George Reeves 0-0: Reached on error, E4 (Groundball, 4)
Batting: RHB José González 0-0: Ball
1-0: Fielders Choice at 2nd, 6-4 (Groundball, 6M)
Batting: LHB Donovan Myers 0-0: Ball
José González is caught stealing 2nd base
Top of the 6th over - 0 run(s), 0 hit(s), 1 error(s), 0 left on base; Louisville 1 - Saint John's 1
BOTTOM OF THE 6TH
Saint John's Red Storm batting - Pitching for Louisville Cardinals : RHP Billy O'Neal
Batting: LHB António Velásquez 0-0: Called Strike
0-1: Ball
1-1: SINGLE (Groundball, 3D)
Pitching: RHP António Aguilar
Batting: LHB David Lee 0-0: Called Strike
0-1: Swinging Strike
0-2: Foul Ball, location: 2F
0-2: Ball
1-2: Ball
2-2: Ball
3-2: Base on Balls
António Velásquez to second
Batting: SHB Jack Kavanaugh 0-0: Ball
1-0: Foul Ball, location: 2F
1-1: Called Strike
1-2: Ball
2-2: Strikes out swinging
Batting: LHB John Cook 0-0: Called Strike
0-1: Ball
1-1: Ball
2-1: Foul Ball, location: 2F
2-2: Foul Ball, location: 2F
2-2: Foul Ball, location: 2F
2-2: Ball
3-2: Strikes out swinging
Batting: RHB John Prowse Jr. 0-0: Ball
1-0: Called Strike
1-1: Foul Ball, location: 2F
1-2: Strikes out swinging
Bottom of the 6th over - 0 run(s), 1 hit(s), 0 error(s), 2 left on base; Louisville 1 - Saint John's 1
TOP OF THE 7TH
Louisville Cardinals batting - Pitching for Saint John's Red Storm : RHP Robinson Ramírez
Batting: LHB Donovan Myers 0-0: Ball
1-0: Called Strike
1-1: Ground out 6-3 (Groundball, 6)
Batting: LHB António Camacho 0-0: Called Strike
0-1: Swinging Strike
0-2: Ball
1-2: Ground out 5-3 (Groundball, 56)
Batting: RHB Bobby Booker 0-0: Called Strike
0-1: Foul Ball, location: 2F
0-2: Strikes out looking
Top of the 7th over - 0 run(s), 0 hit(s), 0 error(s), 0 left on base; Louisville 1 - Saint John's 1
BOTTOM OF THE 7TH
Saint John's Red Storm batting - Pitching for Louisville Cardinals : RHP António Aguilar
Batting: RHB Joe Smith 0-0: Fly out, F2 (Popup, 2RF)
Batting: RHB Bobby Miller 0-0: Fly out, F2 (Popup, 2RF)
Batting: LHB Chris Austin 0-0: Ball
1-0: Ball
2-0: Swinging Strike
2-1: Ball
3-1: Foul Ball, location: 2F
3-2: Base on Balls
Batting: LHB Ken Phillips 0-0: Called Strike
0-1: Ball
1-1: Called Strike
1-2: Ball
2-2: 2-RUN HOME RUN (Flyball, 89XD), Distance : 370 ft
Batting: LHB António Velásquez 0-0: Ground out 4-3 (Groundball, 4M)
Bottom of the 7th over - 2 run(s), 1 hit(s), 0 error(s), 0 left on base; Louisville 1 - Saint John's 3
TOP OF THE 8TH
Louisville Cardinals batting - Pitching for Saint John's Red Storm : RHP Robinson Ramírez
Batting: LHB Evan Díaz 0-0: Foul Ball, location: 2F
0-1: Ground out U3 (Groundball, 3)
Batting: RHB Ronald Clark 0-0: Ball
1-0: Fly out, F7 (Flyball, 78S)
Batting: RHB Michael Jones 0-0: Fly out, F8 (Flyball, 8LM)
Top of the 8th over - 0 run(s), 0 hit(s), 0 error(s), 0 left on base; Louisville 1 - Saint John's 3
BOTTOM OF THE 8TH
Saint John's Red Storm batting - Pitching for Louisville Cardinals : RHP António Aguilar
Pitching: LHP Alberto Torres
Batting: LHB David Lee 0-0: Called Strike
0-1: Ball
1-1: Fly out, F5 (Popup, 7LSF)
Batting: SHB Jack Kavanaugh 0-0: Swinging Strike
0-1: Fly out, F1 (Popup, 23F)
Batting: LHB John Cook 0-0: SINGLE (Line Drive, 9S)
Batting: RHB John Prowse Jr. 0-0: Reached on Error, E5 (Line Drive, 5)
John Cook to second
Batting: RHB Joe Smith 0-0: Swinging Strike
0-1: Ball
1-1: Foul Ball, location: 2F
1-2: Ball
2-2: Foul Ball, location: 2F
2-2: Foul Ball, location: 2F
2-2: Ball
3-2: Foul Ball, location: 2F
3-2: Ground out 5-3 (Groundball, 5L)
Bottom of the 8th over - 0 run(s), 1 hit(s), 1 error(s), 2 left on base; Louisville 1 - Saint John's 3
TOP OF THE 9TH
Louisville Cardinals batting - Pitching for Saint John's Red Storm : RHP Robinson Ramírez
Pitching: RHP Carl Brooks
Batting: RHB Zach O'Neill 0-0: Ball
1-0: Foul Ball, location: 2F
1-1: SOLO HOME RUN (Flyball, 7D), Distance : 354 ft
Batting: RHB George Reeves 0-0: Ball
1-0: Foul Ball, location: 2F
1-1: Foul Ball, location: 2F
1-2: Ball
2-2: SINGLE (Line Drive, 4D)
Batting: RHB José González 0-0: Ball
1-0: Bunted foul
1-1: Ball
2-1: Sac Bunt - play at first, batter OUT! 1-4
George Reeves to second
Batting: LHB Donovan Myers 0-0: Ball
1-0: Swinging Strike
1-1: SINGLE (Line Drive, 4D)
George Reeves to third
Runner from 3rd tries for Home, SAFE, no throw or cutoff
Batting: LHB António Camacho 0-0: Ball
1-0: Swinging Strike
1-1: Ball
2-1: Ball
3-1: Swinging Strike
3-2: Fielders Choice at 2nd, 4-6 (Groundball, 4)
Batting: RHB Bobby Booker 0-0: Ball
1-0: Called Strike
António Camacho steals 2nd base
1-1: Foul Ball, location: 2F
1-2: Ball
2-2: Ball
3-2: Base on Balls
Batting: LHB Evan Díaz 0-0: Ball
1-0: Ground out 4-3 (Groundball, 4)
Top of the 9th over - 2 run(s), 3 hit(s), 0 error(s), 2 left on base; Louisville 3 - Saint John's 3
BOTTOM OF THE 9TH
Saint John's Red Storm batting - Pitching for Louisville Cardinals : LHP Alberto Torres
Pitching: RHP Ronald Clark
Batting: RHB Bobby Miller 0-0: Ground out 5-3 (Groundball, 5)
Batting: LHB Chris Austin 0-0: Foul Ball, location: 2F
0-1: Called Strike
0-2: Foul Ball, location: 2F
0-2: Ball
1-2: Ball
2-2: Foul Ball, location: 2F
2-2: Strikes out looking
Batting: LHB Ken Phillips 0-0: Foul Ball, location: 2F
0-1: SOLO HOME RUN (Flyball, 9LD), Distance : 334 ft
This league is powered by Out of the Park Baseball, the baseball management simulation game for PC, Mac and Linux
Wednesday, December 2nd, 2015 - OOTP Baseball 16.8 Build 38